 Dungeon Crawl Stone Soup version 0.20-a0-1026-gc3ddcbd (webtiles) character file.

366 CanOfBees the Conjurer (level 6, -12/32 HPs)
             Began as a Deep Elf Conjurer on Apr 20, 2017.
             Was an Initiate of Vehumet.
             Mangled by Prince Ribbit (19 damage)
             ... on level 5 of the Dungeon.
             The game lasted 00:11:51 (4795 turns).

CanOfBees the Conjurer (Deep Elf Conjurer)          Turns: 4795, Time: 00:11:51

Health: -12/32     AC:  4    Str:  5    XL:     6   Next: 40%
Magic:  4/16       EV: 13    Int: 22    God:    Vehumet [......]
Gold:   204        SH:  0    Dex: 15    Spells: 2/16 levels left

rFire    . . .     SeeInvis .   v - +0 long sword
rCold    . . .     Gourm    .   (no shield)
rNeg     . . .     Faith    .   a - +0 robe
rPois    .         Spirit   .   y - +0 helmet
rElec    .         Reflect  .   (no cloak)
rCorr    .         Harm     .   u - +0 pair of gloves
MR       .....                  (no boots)
Stlth    ++........             (no amulet)
Regen    0.1/turn               (no ring)
MPRegen  0.2/turn               (no ring)

@: hasted, very quick
A: no striking features
a: Renounce Religion


You were on level 5 of the Dungeon.
You worshipped Vehumet.
Vehumet was noncommittal.
You were not hungry.

You visited 2 branches of the dungeon, and saw 6 of its levels.

You collected 204 gold pieces.

Inventory:

Hand Weapons
 i - a +0 short sword
 v - a +0 long sword (weapon)
 x - a +2 dagger of venom
Missiles
 m - 5 javelins (quivered)
Armour
 a - a +0 robe (worn)
 u - a +0 pair of gloves (worn)
 y - a +0 helmet (worn)
Scrolls
 d - a scroll of identify
 e - a scroll of fear {unknown}
 f - a scroll of magic mapping {unknown}
 h - 2 scrolls of teleportation
 k - 3 scrolls of recharging
 o - 7 scrolls of remove curse
 s - 2 scrolls of amnesia
 w - a scroll of random uselessness {unknown}
Potions
 g - a potion of haste
 l - 2 potions of brilliance {unknown}
 n - a potion of curing {unknown}
 p - 2 potions of cancellation {unknown}
 q - a potion of berserk rage {unknown}
 r - a potion of ambrosia {unknown}
 t - 2 potions of flight {unknown}
Books
 b - a book of Conjurations

   Spells                             Type                      Level
   a - Magic Dart                     Conjuration                  1
   b - Searing Ray                    Conjuration                  2
   c - Dazzling Spray                 Conjuration/Hexes            3
   d - Fulminant Prism                Conjuration/Hexes            4
   e - Force Lance                    Conjuration/Translocation    4
   f - Iskenderun's Mystic Blast      Conjuration                  4
Comestibles
 c - 3 bread rations
 j - 2 meat rations
 z - 2 chunks of flesh


   Skills:
 - Level 2.4 Dodging
 - Level 2.4 Stealth
 + Level 5.5 Spellcasting
 + Level 6.4 Conjurations
 * Level 4.3 Hexes


You had 2 spell levels left.
You knew the following spells:

 Your Spells              Type           Power        Failure   Level  Hunger
a - Magic Dart            Conj           ####         1%          1    None
b - Searing Ray           Conj           ####..       1%          2    None
c - Iskenderun's Mystic   Conj           ####....     7%          4    ####...
d - Dazzling Spray        Conj/Hex       ####..       3%          3    ##.....
e - Fulminant Prism       Conj/Hex       ####......   11%         4    ####...


Dungeon Overview and Level Annotations

Branches:
Dungeon (5/15)             Temple (1/1) D:4

Altars:
Ashenzari
Cheibriados
Dithmenos
Elyvilon
Fedhas
Gozag
Hepliaklqana
Kikubaaqudgha
Makhleb
Nemelex Xobeh
Okawaru
Qazlal
Ru
Trog
Uskayaw
Vehumet
Wu Jian
Xom
Zin
The Shining One

Annotations:
D:5 Prince Ribbit


Message History

Prince Ribbit hits you. The crimson imp barely misses you.
Prince Ribbit closely misses you.
Casting: Searing Ray
Confirm with . or Enter, or press ? or * to list all spells.
Aiming: Searing Ray
Press: ? - help, Shift-Dir - straight line, f/p - Prince Ribbit
Aim: Prince Ribbit (moderately wounded)
The searing ray hits Prince Ribbit.
Prince Ribbit is heavily wounded. (Press . to maintain the ray.)
The crimson imp hits you but does no damage.
Prince Ribbit hits you!
Ouch! That really hurt!
* * * LOW HITPOINT WARNING * * *
It was a potion of haste.
You feel yourself speed up. Prince Ribbit closely misses you.
You riposte.
You slash Prince Ribbit!
Prince Ribbit is severely wounded.
The crimson imp barely misses you. Prince Ribbit hits you!!
Ouch! That really hurt!
You die...

# #.
###..###########################
ยง..............5@F....>........#
####$.####.###################.#
##. #.# #.# #. #.# #.# ## #.# #.#
#)# #.## #.# #... #.# ####


You could see Prince Ribbit and a crimson imp.

Vanquished Creatures
  A phantom (D:5)
  A crimson imp (D:4)
  A worker ant (D:5)
  4 gnolls (D:4)
  7 adders
  A shadow imp (D:3)
  An ooze (D:2)
  5 worms
  4 dart slugs
  4 leopard geckos
  2 orcs (D:3)
  6 bats
  3 giant cockroaches (D:2)
  8 goblins
  7 hobgoblins
  6 jackals
  A quokka (D:2)
  A ball python (D:4)
  6 frilled lizards
  9 kobolds
  9 rats
87 creatures vanquished.

Notes
Turn   | Place    | Note
-------+----------+-------------------------------------------
     0 | D:1      | CanOfBees the Deep Elf Conjurer began the quest for the Orb.
     0 | D:1      | Reached XP level 1. HP: 10/10 MP: 6/6
   261 | D:1      | Reached XP level 2. HP: 8/15 MP: 2/8
   390 | D:1      | Learned a level 2 spell: Searing Ray
   578 | D:1      | Reached skill level 5 in Conjurations
  1390 | D:2      | Reached XP level 3. HP: 19/19 MP: 1/10
  1715 | D:2      | Found an ancient bone altar of Kikubaaqudgha.
  2400 | D:2      | Reached XP level 4. HP: 24/24 MP: 10/12
  2793 | D:2      | Learned a level 4 spell: Iskenderun's Mystic Blast
  2797 | D:2      | Learned a level 3 spell: Dazzling Spray
  2835 | D:2      | Found a sparkling altar of Nemelex Xobeh.
  2957 | D:3      | Reached skill level 1 in Hexes
  3028 | D:3      | Reached skill level 6 in Conjurations
  3134 | D:3      | Reached XP level 5. HP: 17/28 MP: 5/13
  3599 | D:4      | Noticed an ogre
  3854 | D:4      | Reached skill level 5 in Spellcasting
  3957 | D:4      | Found a staircase to the Ecumenical Temple.
  4015 | Temple   | Entered the Ecumenical Temple
  4264 | Temple   | Became a worshipper of Vehumet
  4380 | D:4      | Learned a level 4 spell: Fulminant Prism
  4659 | D:5      | Entered Level 5 of the Dungeon
  4719 | D:5      | Reached XP level 6. HP: 32/32 MP: 11/16
  4759 | D:5      | Noticed Prince Ribbit
  4795 | D:5      | Mangled by Prince Ribbit

Vault maps used:
D:1:      dpeg_arrival_round_c, serial_bayou_lake_a
D:2:      nemelex_xobeh_ov_fountains_minmay, kiku_gazebo_pond_becter,
          first_bread
D:3:      kennysheep_cross_room, st_stairs_12
D:4:      minmay_temple_entry_statues
D:5:      chequers_ossuary_entry_cave, uniq_prince_ribbit1
Temple:   dpeg_five_rooms_temple

Skill      XL: |  1  2  3  4  5  6 |
---------------+-------------------+-----
Conjurations   | 5 6 |  6.4
Spellcasting   | 4 5 |  5.5
Hexes          | 2 3 4 |  4.3
Dodging        | |  2.4
Stealth        | |  2.4

Action                   |  1- 3 |  4- 6 || total
-------------------------+-------+-------++-------
Melee: Short sword       |     7 |     1 ||     8
       Long sword        |       |     4 ||     4
 Cast: Magic Dart        |    62 |   101 ||   163
       Searing Ray       |     7 |    10 ||    17
       Iskenderun's Myst |       |     2 ||     2
       Dazzling Spray    |       |     1 ||     1
  Use: Scroll            |       |     4 ||     4
       Potion            |       |     1 ||     1
 Stab: Sleeping          |     1 |       ||     1
  Eat: Chunk             |     5 |     4 ||     9
       Meat ration       |       |     1 ||     1
Armor: Robe              |     1 |     8 ||     9
Dodge: Dodged            |    12 |    22 ||    34
       Rpst.: Long sword |       |     7 ||     7
